 Dungeon Crawl Stone Soup version 0.30.0-5-g1a98f26d00 (webtiles) character file.

Game seed: 7556967009082193233

94981 NateTC the Severer (level 15, 0/147 HPs)
             Began as a Minotaur Fighter on May 8, 2023.
             Was the Champion of Okawaru.
             Killed from afar by a will-o-the-wisp (26 damage)
             ... with a foxfire
             ... on level 4 of the Swamp.
             The game lasted 00:36:35 (19306 turns).

NateTC the Severer (Minotaur Fighter)              Turns: 19306, Time: 00:36:36

Health: 0/147      AC: 30    Str: 29    XL:     15   Next: 65%
Magic:  21/21      EV:  7    Int:  5    God:    Okawaru [******]
Gold:   2400       SH: 18    Dex: 14    Spells: 14/14 levels left

rFire   . . .        N - +1 broad axe (drain)
rCold   . . .        T - +0 kite shield of the Armadillo {Will+}
rNeg    . . .        F - +7 plate armour "Jirymony" {-Cast Dex+5}
rPois   +            O - +1 hat {SInv}
rElec   .            t - +0 cloak
rCorr   .            j - +0 pair of gloves
SInv    +            k - +2 pair of boots
Will    ++...        o - amulet of reflection Stlth
                     f - ring of poison resistance
HPRegen 0.44/turn    r - ring of flight
MPRegen 0.17/turn

%: no spellcasting, reflection
@: flying
A: horns 2, retaliatory headbutt
a: Renounce Religion, Heroism, Finesse, Duel


You were on level 4 of the Swamp.
You worshipped Okawaru.
Okawaru was exalted by your worship.
You visited 5 branches of the dungeon, and saw 23 of its levels.

You collected 2400 gold pieces.

Inventory:

Hand Weapons
 N - a +1 broad axe of draining (weapon)
 Q - the +4 hand axe of Free Will {flame, Fly rF++ Int-2 Dex+3}
   (Okawaru gifted it to you on level 5 of the Lair of Beasts)

   Int:       It affects your intelligence (-2).
   Dex:       It affects your dexterity (+3).
   rF:        It greatly protects you from fire.
   Fly:       It grants you flight.
Armour
 j - a +0 pair of gloves (worn)
 k - a +2 pair of boots (worn)
 t - a +0 cloak (worn)
 A - a +2 plate armour of positive energy
 F - the +7 plate armour "Jirymony" (worn) {-Cast Dex+5}
   (Okawaru gifted it to you on level 11 of the Dungeon)

   Dex:       It affects your dexterity (+5).
   -Cast:     It prevents spellcasting.
 O - a +1 hat of see invisible (worn)
 T - the +0 kite shield of the Armadillo (worn) {Will+}
   (Okawaru gifted it to you on level 5 of the Lair of Beasts)

   Will:      It increases your willpower.
 X - a +2 buckler of fire resistance
Jewellery
 a - a +4 ring of protection
 f - a ring of poison resistance (left hand)
 m - a +5 ring of evasion
 o - an amulet of reflection (around neck)
 r - a ring of flight (right hand)
 P - a +4 ring of protection
 R - an amulet of regeneration
 S - the ring "Miato" {rN+ Str+2 Dex+3}
   (You found it on level 5 of the Lair of Beasts)

   [ring of positive energy]

   Str:       It affects your strength (+2).
   Dex:       It affects your dexterity (+3).
   rN:        It protects you from negative energy.
 U - the ring of the Stallion {MP+9 Str+5 Dex+3}
   (You found it on level 1 of the Swamp)

   [ring of magical power]

   Str:       It affects your strength (+5).
   Dex:       It affects your dexterity (+3).
   MP:        It affects your magic capacity (+9).
 W - a +6 ring of strength
 Z - a +6 ring of dexterity
Wands
 u - a wand of charming (36)
 v - a wand of polymorph (22)
 x - a wand of mindburst (20)
 E - a wand of flame (70)
 G - a wand of iceblast (24)
 I - a wand of quicksilver (4)
 V - a wand of digging (2)
Scrolls
 c - 3 scrolls of magic mapping
 e - 2 scrolls of summoning
 w - a scroll of fog
 y - 9 scrolls of teleportation
 B - 3 scrolls of enchant weapon
 C - 3 scrolls of blinking
 D - a scroll of noise
 H - 11 scrolls of identify
 J - 2 scrolls of poison
 Y - a scroll of fear
Potions
 b - 10 potions of curing
 d - 3 potions of might
 g - 3 potions of invisibility
 h - 2 potions of flight
 i - 2 potions of berserk rage
 l - 7 potions of heal wounds
 n - 2 potions of magic
 p - 5 potions of mutation
 q - 2 potions of ambrosia
 s - 5 potions of haste
 z - 2 potions of lignification
 K - 2 potions of brilliance
 L - 2 potions of resistance
Miscellaneous
 M - a condenser vane


   Skills:
 - Level 17.4 Fighting
 - Level 18.0 Axes
 * Level 13.4 Armour
 * Level 13.4 Shields
 - Level 10.2 Invocations
 - Level 6.4 Evocations


You had 14 spell levels left.
You didn't know any spells.
Your spell library contained the following spells:

 Spells                   Type           Power      Damage    Failure   Level
 Beastly Appendage        Tmut           0%         N/A       99%         1
 Necrotise                Necr           0%         1d4       99%         1
 Slow                     Hex            0%         N/A       99%         1
 Cigotuvi's Dreadful Rot  Necr/Pois/Air  0%         N/A       100%        2
 Poisonous Vapours        Pois/Air       0%         N/A       100%        2
 Wereblood                Tmut           0%         N/A       100%        2
 Confusing Touch          Hex            0%         N/A       100%        3
 Inner Flame              Hex/Fire       0%         N/A       100%        3
 Mephitic Cloud           Conj/Pois/Air  0%         N/A       100%        3
 Spider Form              Tmut/Pois      0%         N/A       100%        3
 Vampiric Draining        Necr           0%         2d6       100%        3
 Dispel Undead            Necr           0%         3d6       100%        4
 Leda's Liquefaction      Hex/Erth       0%         N/A       100%        4
 Agony                    Necr           0%         N/A       100%        5
 Blade Hands              Tmut           0%         N/A       100%        5
 Freezing Cloud           Conj/Ice/Air   0%         6-21      100%        5
 Irradiate                Conj/Tmut      0%         3d11      100%        5
 Lee's Rapid Deconstruct  Erth           0%         3d4*      100%        5
 Yara's Violent Unravell  Hex/Tmut       0%         3d3       100%        5
 Statue Form              Tmut/Erth      0%         N/A       100%        6
 Dragon Form              Tmut           0%         N/A       100%        7
 Enfeeble                 Hex            0%         N/A       100%        7
 Death Channel            Necr           Unusable   N/A       N/A         6

Dungeon Overview and Level Annotations

Branches:
Dungeon (11/15) Zot: 26214  Temple (1/1) D:5 Zot: 5959    Lair (5/5) D:11 Zot: 24341
  Swamp (4/4) Lair:3 Zot: 21264  Spider (0/4) Lair:3        Slime (0/5) Lair:5
    Orc (2/2) D:11 Zot: 10586     Elf (0/3) Orc:2

Altars:
Ashenzari
Cheibriados
Dithmenos
Elyvilon
Fedhas
Gozag
Hepliaklqana
Kikubaaqudgha
Makhleb
Nemelex Xobeh
Okawaru
Qazlal
Ru
Sif Muna
Trog
Uskayaw
Vehumet
Wu Jian
Xom
Yredelemnul
Zin
The Shining One
Jiyva

Shops:
D:9 *   D:10 *   Orc:2 (=*=

Annotations:
D:7 1 runed translucent door, Crazy Yiuf
Temple 2 transporters


Innate Abilities, Weirdness & Mutations

You have a pair of horns on your head.
You reflexively headbutt those who attack you in melee.


Message History

The tyrant leech is heavily wounded.
The will-o-the-wisp gestures.
The will-o-the-wisp conjures some foxfire!
A foxfire comes into view.
You closely miss the tyrant leech. You headbutt the tyrant leech.
The tyrant leech is heavily wounded.
The tyrant leech bites you!
The tyrant leech draws strength from your injuries!
You barely miss the tyrant leech. Your headbutt misses the tyrant leech.
The tyrant leech is moderately wounded.
You block the tyrant leech's attack.
You hit the tyrant leech. Your headbutt misses the tyrant leech.
The tyrant leech is heavily wounded.
A foxfire comes into view.
You slash the tyrant leech! You drain the tyrant leech.
The tyrant leech is severely wounded.
The will-o-the-wisp gestures.
The will-o-the-wisp conjures some foxfire!
The tyrant leech bites you!!
The tyrant leech draws strength from your injuries! 2 foxfires come into view.
You slash the tyrant leech!
The tyrant leech is severely wounded.
The foxfire moves out of view.
You hit the tyrant leech. You headbutt the tyrant leech!
You kill the tyrant leech!
Okawaru accepts your kill. Okawaru grants you throwing weapons!
Something appears at your feet! The foxfire hits you!
* * * LOW HITPOINT WARNING * * *
The foxfire hits you!
* * * LOW HITPOINT WARNING * * *
The will-o-the-wisp gestures.
The will-o-the-wisp conjures some foxfire! 2 foxfires come into view.
The foxfire hits you but does no damage.
The will-o-the-wisp gestures.
The will-o-the-wisp conjures some foxfire!
The foxfire hits you!!
You die...

♣..♣≈≈.♣.~...~.~~~~~.♣
♣♣.~.)~.§......~..~~~.♣♣
♣..[.?..#~..~♣~...~~~~.♣
~.....§.§..v~♣♣♣♣..~~~~.♣
.♣.~~..♣♣♣vv§.♣...♣~.~~~~
§.~.... ♣♣§§♣♣.~~..~.~~~
.~....~ ♣♣.~§§♣♣.~~~♣♣.~.
...~.♣♣.♣.~~v§~..~~~♣♣ ♣♣
...~♣......~~@..~~~§.♣♣
♣....~.♣.~...~~~~~~§.♣
~.♣♣♣♣♣♣♣~~~~~~~.♣~♣ ♣
♣~.~~~~§.♣♣♣ ♣♣♣♣♣<~~...♣
♣.~......~♣♣♣
♣<~~.~~.....♣
♣~...~~~~.~.♣
♣♣♣♣~~~~.~~.~..


You could see a will-o-the-wisp.

Vanquished Creatures
  Nikola (Swamp:3)
  A tentacled monstrosity (Swamp:4)
  A thorn hunter (Swamp:3)
  Gastronok (Lair:3)
  5 eleionomae
  3 bunyips
  Josephine (D:10)
  3 ghost crabs
  6 hydras
  2 ogre magi (Orc:2)
  5 catoblepae
  8 two-headed ogres (Orc:2)
  11 death yaks (Lair:5)
  4 alligators (Swamp:1)
  An orc high priest (Orc:2)
  Sonja (Lair:3)
  5 skysharks
  2 deep trolls (Orc:2)
  A goliath frog (Swamp:1)
  A spriggan druid (Swamp:3)
  2 bog bodies (Swamp:1)
  6 swamp dragons
  Pikel (D:7)
  2 manticores (Lair:5)
  2 orc sorcerers (Orc:2)
  2 orc knights (Orc:2)
  2 cyclopes (Orc:2)
  An oklob plant (Lair:1)
  4 will-o-the-wisps
  9 elephants
  A black mamba (Lair:4)
  Maurice (D:9)
  6 cane toads
  A torpor snail (Lair:4)
  A rime drake (Lair:4)
  8 komodo dragons
  2 polar bears (Lair:3)
  6 hornets
  13 tyrant leeches
  12 trolls
  3 blink frogs (Lair:5)
  8 spriggans
  6 wraiths (D:10)
  86 yaks
  2 basilisks
  2 steam dragons (D:6)
  6 wyverns
  12 vampire mosquitoes
  Edmund (D:6)
  Menkaure (D:7)
  3 wargs
  10 swamp worms
  12 water moccasins
  Duvessa (D:6)
  3 ice beasts
  3 swamp drakes
  15 orc warriors
  3 black bears
  19 ogres
  24 wolves
  8 centaurs
  A lemure (D:7)
  11 bullfrogs
  A kobold brigand (D:10)
  A gnoll sergeant (D:6)
  4 scorpions
  Dowan (D:6)
  A water moccasin skeleton (D:4)
  8 killer bees
  3 electric eels
  3 howler monkeys (D:8)
  A hound (D:7)
  17 orc priests
  3 jellies
  A scorpion zombie (D:4)
  7 iguanas
  Natasha (twice) (D:4)
  23 orc wizards
  A bullfrog simulacrum (D:4)
  2 hound zombies (D:4)
  12 gnolls
  16 adders
  2 white imps (D:6)
  An ufetubus (D:5)
  An adder skeleton (D:4)
  3 worms
  A dart slug (D:3)
  89 orcs
  8 ball pythons
  8 bats
  12 endoplasms
  2 giant cockroaches (D:2)
  5 hobgoblins
  6 jackals
  5 quokkas
  4 frilled lizards
  8 goblins
  14 kobolds
  2 rats
663 creatures vanquished.

Vanquished Creatures (others)
  A hydra (Swamp:4)
  A spriggan druid (Swamp:4)
  A bog body (Swamp:3)
  A will-o-the-wisp (Swamp:3)
  2 bloated husks
  An ogre (D:11)
  An orc (D:11)
  20 foxfires
28 creatures vanquished.

Grand Total: 691 creatures vanquished

Notes
Turn   | Place    | Note
-------+----------+-------------------------------------------
     0 | D:1      | NateTC the Minotaur Fighter began the quest for the Orb.
     0 | D:1      | Reached XP level 1. HP: 19/19 MP: 0/0
   278 | D:1      | Reached skill level 3 in Axes
   455 | D:1      | Reached XP level 2. HP: 26/26 MP: 1/1
   996 | D:2      | Reached skill level 4 in Axes
   996 | D:2      | Reached XP level 3. HP: 20/31 MP: 2/2
   998 | D:2      | Reached skill level 5 in Axes
  1021 | D:2      | Reached XP level 4. HP: 39/39 MP: 3/3
  1307 | D:2      | Reached skill level 6 in Axes
  1499 | D:3      | HP: 1/39 [orc priest/divine providence (15)]
  1653 | D:3      | Reached XP level 5. HP: 44/45 MP: 4/4
  1767 | D:3      | Reached skill level 7 in Axes
  2483 | D:4      | Noticed an ice beast
  2497 | D:4      | Killed an ice beast
  2498 | D:4      | Reached skill level 8 in Axes
  2498 | D:4      | Reached XP level 6. HP: 40/51 MP: 5/5
  2778 | D:4      | Reached skill level 9 in Axes
  2778 | D:4      | Reached XP level 7. HP: 17/57 MP: 6/6
  3035 | D:4      | Noticed Natasha
  3042 | D:4      | Killed Natasha
  3048 | D:4      | Reached skill level 5 in Fighting
  3076 | D:4      | Identified the +3 dagger "Bosaulun" {pain, rC+}
  3230 | D:4      | Noticed Natasha
  3238 | D:4      | Killed Natasha
  3467 | D:5      | Entered Level 5 of the Dungeon
  3540 | D:5      | Found a staircase to the Ecumenical Temple.
  3623 | Temple   | Entered the Ecumenical Temple
  3623 | Temple   | Found a transporter.
  3623 | Temple   | Found a transporter.
  3625 | Temple   | Found a transporter.
  3625 | Temple   | Found a transporter.
  3648 | Temple   | Became a worshipper of Warmaster Okawaru
  3762 | D:5      | Reached XP level 8. HP: 73/73 MP: 7/7
  4741 | D:6      | Noticed Edmund
  4760 | D:6      | Killed Edmund
  4760 | D:6      | Reached * piety under Okawaru
  4808 | D:6      | Noticed Dowan
  4810 | D:6      | Noticed Duvessa
  4814 | D:6      | Reached skill level 10 in Fighting
  4822 | D:6      | Killed Duvessa
  4832 | D:6      | Killed Dowan
  5064 | D:6      | Reached XP level 9. HP: 72/89 MP: 8/8
  5074 | D:6      | Reached ** piety under Okawaru
  5182 | D:6      | Found a hide-covered altar of Uskayaw.
  5505 | D:7      | Reached skill level 5 in Armour
  5505 | D:7      | Reached skill level 5 in Shields
  5532 | D:7      | Noticed Pikel
  5550 | D:7      | Killed Pikel
  5634 | D:7      | Found an ornate altar of the Wu Jian Council.
  5634 | D:7      | Found a white marble altar of Elyvilon.
  5644 | D:7      | Noticed Menkaure
  5652 | D:7      | Killed Menkaure
  5652 | D:7      | Reached *** piety under Okawaru
  5938 | D:7      | Found a blossoming altar of Fedhas.
  6118 | D:7      | Found a runed translucent door.
  6119 | D:7      | Noticed Crazy Yiuf
  6578 | D:8      | Reached XP level 10. HP: 95/97 MP: 9/9
  6583 | D:8      | Reached **** piety under Okawaru
  6997 | D:8      | Found a shimmering blue altar of Sif Muna.
  7114 | D:9      | Noticed Maurice
  7125 | D:9      | Killed Maurice
  7715 | D:9      | Found Ewyg's Assorted Antiques.
  7876 | D:10     | Entered Level 10 of the Dungeon
  7909 | D:10     | Found Ujugineu's Assorted Antiques.
  7958 | D:10     | Reached skill level 10 in Armour
  7958 | D:10     | Reached skill level 10 in Shields
  7970 | D:10     | Noticed Josephine
  7981 | D:10     | Reached ***** piety under Okawaru
  7984 | D:10     | Killed Josephine
  7985 | D:10     | Reached XP level 11. HP: 76/104 MP: 10/10
  8143 | D:10     | Reached skill level 10 in Axes
  8373 | D:10     | Reached skill level 11 in Axes
  8565 | D:11     | Reached skill level 12 in Axes
  8565 | D:11     | Identified the +7 plate armour "Jirymony" {-Cast Dex+5}
                  | (Okawaru gifted it to you on level 11 of the Dungeon)
  8565 | D:11     | Received a gift from Okawaru
  8573 | D:11     | Reached skill level 13 in Axes
  8598 | D:11     | Found a staircase to the Lair.
  8824 | D:11     | Reached skill level 14 in Axes
  8971 | D:11     | Identified the +2 ring mail "Osemot" {+Inv Regen+ Str+3
                  | Int-3}
  8979 | D:11     | Found a staircase to the Orcish Mines.
  9258 | Lair:1   | Entered Level 1 of the Lair of Beasts
  9404 | Lair:1   | Reached XP level 12. HP: 106/112 MP: 11/11
  9423 | Lair:1   | Reached skill level 15 in Axes
 10254 | Lair:2   | Reached skill level 16 in Axes
 10262 | Lair:2   | Reached skill level 1 in Invocations
 10264 | Lair:2   | Reached skill level 1 in Evocations
 10271 | Lair:2   | Reached ****** piety under Okawaru
 10328 | Lair:2   | Identified the +12 flail "Aseidah" {drain, +Blink MP+9
                  | Dex+3}
 10579 | Lair:2   | Noticed a six-headed hydra
 10591 | Lair:2   | Killed a 12-headed hydra
 10591 | Lair:2   | Received a gift from Okawaru
 10599 | Lair:2   | Reached skill level 5 in Invocations
 10945 | Lair:3   | Found a staircase to the Swamp.
 10974 | Lair:3   | Found a hole to the Spider Nest.
 10999 | Lair:3   | Noticed Gastronok
 11013 | Lair:3   | Killed Gastronok
 11326 | Lair:3   | Noticed Sonja
 11327 | Lair:3   | Killed Sonja
 11393 | Lair:3   | Reached XP level 13. HP: 117/117 MP: 17/17
 12074 | Lair:4   | Identified the +5 robe "Zesux" {Fly rPois Stlth+ Archmagi}
                  | (Okawaru gifted it to you on level 4 of the Lair of Beasts)
 12074 | Lair:4   | Received a gift from Okawaru
 12525 | Lair:5   | Entered Level 5 of the Lair of Beasts
 12535 | Lair:5   | Reached skill level 17 in Axes
 12544 | Lair:5   | Reached skill level 5 in Evocations
 12812 | Lair:5   | Identified the +4 hand axe of Free Will {flame, Fly rF++
                  | Int-2 Dex+3} (Okawaru gifted it to you on level 5 of the
                  | Lair of Beasts)
 12812 | Lair:5   | Received a gift from Okawaru
 13026 | Lair:5   | Reached skill level 18 in Axes
 13191 | Lair:5   | Identified the ring "Miato" {rN+ Str+2 Dex+3}
 13396 | Lair:5   | Reached skill level 10 in Invocations
 13421 | Lair:5   | Reached XP level 14. HP: 117/125 MP: 20/20
 13425 | Lair:5   | Identified the +0 kite shield of the Armadillo {Will+}
                  | (Okawaru gifted it to you on level 5 of the Lair of Beasts)
 13425 | Lair:5   | Received a gift from Okawaru
 14206 | Lair:5   | Found a viscous altar of Jiyva.
 14206 | Lair:5   | Found a staircase to the Slime Pits.
 14528 | Orc:1    | Entered Level 1 of the Orcish Mines
 15081 | Orc:2    | Entered Level 2 of the Orcish Mines
 15132 | Orc:2    | Found a staircase to the Elven Halls.
 15152 | Orc:2    | Reached skill level 15 in Fighting
 15171 | Orc:2    | Received a gift from Okawaru
 15172 | Orc:2    | Found Zuev's Assorted Antiques.
 15186 | Orc:2    | Identified the +6 scale mail of Okawaru's Hatred {rElec
                  | rPois Int+3 Slay-3} (Okawaru gifted it to you on level 2 of
                  | the Orcish Mines)
 15186 | Orc:2    | Received a gift from Okawaru
 15467 | Orc:2    | Found Ripn's Weapon Shop.
 15472 | Orc:2    | Found Feijeh's Jewellery Emporium.
 15473 | Orc:2    | Found Domaco's Jewellery Emporium.
 16102 | Swamp:1  | Entered Level 1 of the Swamp
 16690 | Swamp:1  | Reached XP level 15. HP: 110/147 MP: 21/21
 17175 | Swamp:1  | Identified the ring of the Stallion {MP+9 Str+5 Dex+3}
 18140 | Swamp:2  | Received a gift from Okawaru
 18265 | Swamp:3  | Noticed Nikola
 18301 | Swamp:3  | Killed Nikola
 19119 | Swamp:3  | Noticed a thorn hunter
 19124 | Swamp:3  | Killed a thorn hunter
 19124 | Swamp:3  | Received a gift from Okawaru
 19234 | Swamp:4  | Entered Level 4 of the Swamp
 19250 | Swamp:4  | Noticed a tentacled monstrosity
 19260 | Swamp:4  | Killed a tentacled monstrosity
 19302 | Swamp:4  | Received a gift from Okawaru
 19306 | Swamp:4  | Killed from afar by a will-o-the-wisp

Illustrated notes

Levels and vault maps discovered:
D:1:      dpeg_arrival_long_road, layout_basic
D:2:      layout_rooms, minmay_worlds_worst_comb
D:3:      layout_basic, chequers_serial_rivers_room_a
D:4:      layout_cave_pods, dilly_guarded_unrand_morg
D:5:      layout_basic, minmay_temple_entry_glass, serial_corexii_hall,
          chequers_hall_statues_y, corexii_hall_statues_l, chequers_big_river,
          chequers_serial_rivers_room_b, grunt_decor_mini_mirrors,
          kennysheep_generic_room_14
D:6:      cheibrodos_steamvent, layout_cave_pools,
          mainiacjoe_overflow_surrounded_room, uniq_duvessa, uniq_edmund
D:7:      layout_basic, fedhas_altar_3, grunt_temple_overflow_open,
          serial_corexii_hall, corexii_hall_statues_s, corexii_hall_statues_s,
          chequers_serial_rivers_large_a, uniq_menkaure, uniq_pikel,
          uniq_crazy_yiuf_cottage
D:8:      layout_rooms, mainiacjoe_overflow_cross_hatched, minivault_10
D:9:      layout_loops_corners, serial_shops, nicolae_square_shop, uniq_maurice
D:10:     layout_cave_pools, serial_shops, shop, chequers_serial_rivers_micro_a,
          grunt_ministairs_3, chequers_serial_rivers_micro_d, uniq_josephine
D:11:     layout_rooms, minmay_lair_entry_grove, erik_orc_1,
          minmay_crystal_room, minmay_lizard_king
Temple:   hellmonk_temple_divided_pantheon
Lair:1:   layout_chaotic_city, minmay_lair_oklob_bushes, serial_bayou_lagoon_a,
          infiniplex_staircase_pool_2
Lair:2:   layout_small_grid
Lair:3:   layout_small_grid, swamp_mist, spider_nest_entry_web_field,
          nicolae_quartered_pool_little, chequers_serial_rivers_room_b,
          lemuel_fruit_tree, uniq_sonja, uniq_gastronok
Lair:4:   layout_gridlike, grunt_megastairs_4
Lair:5:   evilmike_catoblepas_cave, layout_cave_pods, dpeg_slime_entry_enclosed,
          infiniplex_staircase_pool, lemuel_fruit_fields
Swamp:1:  layout_basic_swamp, evilmike_swamp_ruin_house_2
Swamp:2:  layout_falls_marsh, nicolae_swamp_round_clearing
Swamp:3:  layout_basic_swamp, evilmike_swamp_ruin_house_6, uniq_nikola
Swamp:4:  swamp_old_school, layout_basic_swamp, swamp_pool3
Orc:1:    layout_caves, basic_altar
Orc:2:    st_orc_open, layout_caves, minmay_orc_temple_a

Skill      XL: |  1  2  3  4  5  6  7  8  9 10 11 12 13 14 15 |
---------------+----------------------------------------------+-----
Axes           | 3 4 5 6 8 9 14 16 18 | 18.0
Fighting       | 7 11 17 | 17.4
Armour         | 7 10 13 | 13.4
Shields        | 7 10 13 | 13.4
Invocations    | 6 10 | 10.2
Evocations     | 4 6 |  6.4

Action                     |  1- 3 |  4- 6 |  7- 9 | 10-12 | 13-15 || total
---------------------------+-------+-------+-------+-------+-------++-------
  Melee: War axe           |    48 |   152 |   259 |   468 |       ||   927
         Headbutt          |     5 |    17 |    46 |   125 |   204 ||   397
         Broad axe         |       |       |       |    74 |   814 ||   888
 Invoke: Heroism           |       |       |       |       |     1 ||     1
         Finesse           |       |       |       |       |     1 ||     1
    Use: Scroll            |     2 |     3 |     6 |    16 |     2 ||    29
         Potion            |       |     1 |       |     2 |     3 ||     6
   Stab: Confused          |       |       |       |     2 |       ||     2
         Petrified         |       |       |       |       |     6 ||     6
         Petrifying        |       |       |       |       |     1 ||     1
 Armour: Plate armour      |    41 |    98 |   119 |   245 |   506 ||  1009
  Dodge: Dodged            |     8 |    60 |   125 |   212 |   345 ||   750
  Block: Buckler           |    12 |    30 |    79 |       |       ||   121
         Reflection        |       |       |     7 |    18 |    12 ||    37
         Kite shield       |       |       |    91 |   493 |   725 ||  1309
